 Dungeon Crawl Stone Soup version 0.22-a0-246-gdc04c06d56 (webtiles) character file.

15144 Peterchen the Cleaver (level 12, -5/99 HPs)
             Began as a Hill Orc Monk on Feb 22, 2018.
             Was a High Priest of Hepliaklqana.
             Slain by a crocodile (12 damage)
             ... on level 4 of the Lair of Beasts.
             The game lasted 00:50:15 (10609 turns).

Peterchen the Cleaver (Hill Orc Monk)              Turns: 10609, Time: 00:50:15

Health: -5/99      AC: 13    Str: 17    XL:     12   Next: 23%
Magic:  12/12      EV: 10    Int: 12    God:    Hepliaklqana [*****.]
Gold:   487        SH:  2    Dex: 13    Spells: 11/11 levels left

rFire    . . .     SeeInvis .   p - +1 war axe (elec)
rCold    . . .     Gourm    .   (no shield)
rNeg     . . .     Faith    .   r - +0 chain mail
rPois    .         Spirit   .   G - +2 hat
rElec    .         Reflect  +   h - +0 cloak
rCorr    .         Harm     .   F - +0 pair of gloves
MR       .....                  d - +0 pair of boots
Stlth    +.........             a - +2 amulet of reflection
HPRegen  0.26/turn              (no ring)
MPRegen  0.13/turn              (no ring)

@: no status effects
A: reduced essence
a: Recall Ancestor, Ancestor Identity, Transference, Idealise, Renounce Religion


You were on level 4 of the Lair of Beasts.
You worshipped Hepliaklqana.
Hepliaklqana was extremely pleased with you.
You were not hungry.

You visited 3 branches of the dungeon, and saw 13 of its levels.

You collected 569 gold pieces.
You spent 82 gold pieces at shops.

Inventory:

Hand Weapons
 p - a +1 war axe of electrocution (weapon)
Missiles
 e - 44 poisoned needles (quivered)
Armour
 d - a +0 pair of boots (worn)
 h - a +0 cloak (worn)
 r - a +0 chain mail (worn)
 F - a +0 pair of gloves (worn)
 G - a +2 hat (worn)
Magical Staves
 j - an uncursed staff of conjuration {unknown}
Jewellery
 a - a +2 amulet of reflection (around neck)
Wands
 y - a wand of iceblast (16)
 D - a wand of flame (19)
 E - a wand of random effects (3)
Scrolls
 b - a scroll of random uselessness
 g - 2 scrolls of teleportation
 k - a scroll of enchant weapon {unknown}
 o - 2 scrolls of enchant armour
 t - 2 scrolls of blinking {unknown}
 u - 3 scrolls of remove curse {unknown}
 x - 3 scrolls of amnesia {unknown}
 A - 2 scrolls of immolation {unknown}
 C - 3 scrolls of fear {unknown}
Potions
 f - a potion of degeneration {unknown}
 i - 5 potions of heal wounds {unknown}
 l - 2 potions of berserk rage
 m - 5 potions of curing {unknown}
 n - 3 potions of haste
 q - a potion of agility
 s - a potion of cancellation {unknown}
 v - a potion of flight {unknown}
 w - a potion of ambrosia {unknown}
 z - a potion of invisibility {unknown}
 B - 2 potions of resistance {unknown}
 H - 5 potions of brilliance {unknown}
 J - a potion of mutation {unknown}
Comestibles
 c - 22 rations


   Skills:
 + Level 11.5 Fighting
 - Level 13.7(14.0) Axes
   Level 3.8(8.6) Maces & Flails
 + Level 8.3 Dodging
 + Level 8.8 Stealth


You had 11 spell levels left.
You didn't know any spells.

Dungeon Overview and Level Annotations

Branches:
Dungeon (8/15)             Temple (1/1) D:4            Lair (4/6) D:8
 Spider (0/4) Lair:3
  Swamp: Lair:2-4    Shoals: Lair:2-4

Altars:
Ashenzari
Cheibriados
Dithmenos
Elyvilon
Fedhas
Gozag
Hepliaklqana
Kikubaaqudgha
Makhleb
Nemelex Xobeh
Okawaru
Qazlal
Sif Muna
Trog
Uskayaw
Vehumet
Wu Jian
Xom
Yredelemnul
Zin
The Shining One
Lugonu

Shops:
D:6 =


Message History

As you read the scroll of teleportation, it crumbles to dust.
You feel strangely unstable.
The ten-headed hydra bites you but does no damage. x3
The ten-headed hydra closely misses you.
The ten-headed hydra barely misses you. The ten-headed hydra bites you!
* * * LOW HITPOINT WARNING * * *
The ten-headed hydra completely misses you.
The ten-headed hydra bites you!
* * * LOW HITPOINT WARNING * * *
The ten-headed hydra bites you.
* * * LOW HITPOINT WARNING * * *
The ten-headed hydra bites you but does no damage.
The yak gores you but does no damage.
A yak comes into view.
Your surroundings suddenly seem different.
You can now drain nearby creatures when transferring your ancestor.
Found a stone staircase leading down.
A crocodile comes into view.
You barely miss the crocodile. The crocodile bites you!
You die...

###### ##
##.#.#.######.###
.................
.................
..................
..................
..................
.........@........
........t........
.................
.P.##PP..###.#..#
## #.....# # ##
#.....# #P...##
#P...# ..>....


You could see a crocodile.

Vanquished Creatures
  Gastronok (D:8)
  4 death yaks (Lair:2)
  The ghost of MummyMadness the Slicer, a novice KoHu of Uskayaw (D:6)
  A black mamba (Lair:1)
  3 spiny frogs
  The ghost of Yosebu the Cleaver, an amateur HOMo (D:4)
  A troll (D:8)
  4 blink frogs
  2 hippogriffs (Lair:3)
  8 yaks (Lair:2)
  Duvessa (D:4)
  2 porcupines (Lair:3)
  4 water moccasins
  An eye of draining (D:6)
  An ice beast (D:6)
  4 ogres
  7 wolves (Lair:3)
  2 phantoms
  A centaur (D:3)
  5 crocodiles
  4 bullfrogs
  2 howler monkeys (D:5)
  5 crimson imps
  An orc wizard (D:7)
  A gnoll shaman (D:4)
  4 adders
  A shadow imp (D:6)
  An adder zombie (D:5)
  3 worms
  2 dart slugs
  3 leopard geckos
  10 orcs
  2 ball pythons (D:1)
  4 bats
  6 giant cockroaches
  4 hobgoblins
  8 jackals
  2 quokkas (D:6)
  3 frilled lizards
  4 goblins
  6 kobolds
  A leopard gecko skeleton (D:4)
  3 rats
  A bush (D:2)
  2 demonic plants (Temple)
  A fungus (Lair:1)
138 creatures vanquished.

Vanquished Creatures (collateral kills)
  2 hydras (Lair:3)
  A spiny frog (Lair:2)
  A komodo dragon (Lair:2)
  4 blink frogs
  A yak (Lair:2)
  Edmund (D:4)
  2 water moccasins (Lair:2)
  An ice beast (D:6)
  A sky beast (D:7)
  A wolf (Lair:3)
  2 bullfrogs
  Dowan (D:4)
  A howler monkey (D:6)
  A bullfrog zombie (D:4)
  An orc priest (D:3)
  2 hounds
  Natasha (D:4)
  An orc wizard (D:3)
  5 gnolls (D:4)
  2 adders
  A shadow imp (D:7)
  14 orcs
  A giant cockroach (D:6)
  A hobgoblin (D:3)
  3 jackals (D:3)
  A kobold (D:3)
  2 bats (D:3)
  A fungus (Lair:1)
  A plant (D:2)
57 creatures vanquished.

Vanquished Creatures (others)
  9 battlemagi
  A fungus (Lair:2)
10 creatures vanquished.

Grand Total: 205 creatures vanquished

Notes
Turn   | Place    | Note
-------+----------+-------------------------------------------
     0 | D:1      | Peterchen the Hill Orc Monk began the quest for the Orb.
     0 | D:1      | Reached XP level 1. HP: 19/19 MP: 1/1
   188 | D:1      | Reached XP level 2. HP: 26/27 MP: 2/2
   528 | D:1      | Reached XP level 3. HP: 31/33 MP: 3/3
   881 | D:2      | Reached skill level 1 in Axes
   910 | D:2      | Found a deep blue altar of Sif Muna.
   910 | D:2      | Found a hazy altar of Hepliaklqana.
   910 | D:2      | Found a bloodstained altar of Trog.
  1351 | D:2      | Became a worshipper of Hepliaklqana the Forgotten
  1351 | D:2      | Reached * piety under Hepliaklqana
  1351 | D:2      | Reached ** piety under Hepliaklqana
  1352 | D:2      | Remembered your ancestor Citlalmina as a battlemage
  1442 | D:3      | Found an opulent altar of Gozag.
  1485 | D:3      | Reached XP level 4. HP: 36/36 MP: 4/4
  1510 | D:3      | Reached skill level 2 in Axes
  1641 | D:3      | Found a hide-covered altar of Uskayaw.
  1666 | D:3      | Noticed a centaur
  1673 | D:3      | Reached XP level 5. HP: 39/42 MP: 5/5
  1676 | D:3      | Killed a centaur
  1676 | D:3      | Reached skill level 3 in Axes
  1792 | D:3      | Found a snail-covered altar of Cheibriados.
  1792 | D:3      | Found a sparkling altar of Nemelex Xobeh.
  1806 | D:3      | Found a glowing golden altar of the Shining One.
  1808 | D:3      | Found a shadowy altar of Dithmenos.
  1810 | D:3      | Found a faded altar of an unknown god.
  1940 | D:3      | Reached XP level 6. HP: 33/47 MP: 6/6
  2193 | D:4      | Found a staircase to the Ecumenical Temple.
  2202 | D:4      | Reached skill level 4 in Axes
  2216 | Temple   | Entered the Ecumenical Temple
  2313 | D:4      | Noticed Dowan
  2314 | D:4      | Noticed Duvessa
  2318 | D:4      | Killed Dowan
  2553 | D:4      | Reached skill level 5 in Fighting
  2663 | D:4      | Reached skill level 5 in Axes
  2664 | D:4      | Reached XP level 7. HP: 38/54 MP: 7/7
  2687 | D:4      | Noticed Yosebu's ghost (amateur HOMo)
  2710 | D:4      | Killed Yosebu's ghost
  2921 | D:4      | Reached *** piety under Hepliaklqana
  3055 | D:4      | Reached skill level 6 in Axes
  3071 | D:4      | Noticed Edmund
  3074 | D:4      | Noticed Natasha
  3084 | D:4      | Killed Edmund
  3084 | D:4      | Reached XP level 8. HP: 63/63 MP: 8/8
  3091 | D:4      | Killed Natasha
  3140 | D:4      | Killed Duvessa
  3140 | D:4      | Reached skill level 7 in Axes
  3215 | D:5      | Entered Level 5 of the Dungeon
  3887 | D:6      | Reached skill level 8 in Axes
  4037 | D:6      | Found a stormy altar of Qazlal.
  4041 | D:6      | Found a blossoming altar of Fedhas.
  4062 | D:6      | Noticed MummyMadness's ghost (novice KoHu)
  4079 | D:6      | Killed MummyMadness's ghost
  4079 | D:6      | Reached skill level 9 in Axes
  4079 | D:6      | Reached skill level 5 in Dodging
  4079 | D:6      | Reached XP level 9. HP: 69/71 MP: 9/9
  4091 | D:6      | Reached skill level 5 in Stealth
  4370 | D:6      | Found Jiudile's Jewellery Boutique.
  4375 | D:6      | Bought a +2 amulet of reflection for 82 gold pieces
  4663 | D:7      | Reached **** piety under Hepliaklqana
  4663 | D:7      | Found a shadowy altar of Dithmenos.
  4923 | D:7      | Found a shattered altar of Ashenzari.
  5299 | D:7      | Reached skill level 10 in Axes
  5603 | D:8      | Noticed Gastronok
  5626 | D:8      | Killed Gastronok
  5626 | D:8      | Reached skill level 11 in Axes
  5626 | D:8      | Reached XP level 10. HP: 49/81 MP: 10/10
  5919 | D:8      | Found a staircase to the Lair.
  5943 | Lair:1   | Entered Level 1 of the Lair of Beasts
  5943 | Lair:1   | Noticed a black mamba
  5949 | Lair:1   | Killed a black mamba
  6003 | Lair:1   | You fall through a shaft!
  6301 | Lair:2   | Reached skill level 12 in Axes
  6590 | Lair:2   | Noticed a spiny frog
  6603 | Lair:2   | Killed a spiny frog
  7059 | Lair:2   | Noticed a death yak
  7067 | Lair:2   | Noticed a death yak
  7068 | Lair:2   | Noticed a death yak
  7068 | Lair:2   | Noticed a death yak
  7094 | Lair:2   | Reached XP level 11. HP: 29/87 MP: 11/11
  7426 | Lair:2   | Reached skill level 13 in Axes
  7475 | Lair:2   | Killed a death yak
  7492 | Lair:2   | Killed a death yak
  7492 | Lair:2   | Reached skill level 10 in Fighting
  7497 | Lair:2   | Killed a death yak
  7987 | Lair:2   | Killed a death yak
  9063 | Lair:3   | Noticed a five-headed hydra
  9072 | Lair:3   | Killed a seven-headed hydra
  9276 | Lair:3   | Reached XP level 12. HP: 99/99 MP: 12/12
  9923 | Lair:3   | Found a hole to the Spider Nest.
  9936 | Lair:3   | Noticed an eight-headed hydra
  9945 | Lair:3   | HP: 4/99 [nine-headed hydra (7)]
  9945 | Lair:3   | Killed a nine-headed hydra
 10580 | Lair:4   | Noticed a four-headed hydra
 10598 | Lair:4   | HP: 4/99 [ten-headed hydra (5)]
 10600 | Lair:4   | Reached ***** piety under Hepliaklqana
 10609 | Lair:4   | Slain by a crocodile

Vault maps used:
D:1:      minmay_arrival_widening_spiral_wide
D:2:      gammafunk_temple_overflow_forgotten
D:3:      lemuel_doored_altar, eat_drink_and_be_merry_uskayaw,
          chequers_temple_overflow_minitemple, first_ration
D:4:      minmay_temple_entry_large_hall, uniq_duvessa, uniq_edmund,
          uniq_natasha
D:5:      minmay_misc_feat_x
D:6:      grunt_temple_overflow_forces_of_nature, serial_shops,
          nicolae_shop_behind_doors
D:7:      cheibrodos_ashenzari_chains, basic_altar, serial_co_window_serial,
          co_window_paths_a, co_window_corner_a, co_window_paths_a,
          co_window_of_opportunity_a, co_window_paths_a, co_window_paths_a,
          co_window_paths_a, co_window_paths_c, co_window_of_opportunity_b,
          co_window_paths_c, co_window_broadway_a, co_window_4corner_b,
          co_window_4corner_a, glass_columns_b, grunt_ogre_cave
D:8:      lair_entry_dummy, special_room, item_on_display_a,
          uniq_prince_ribbit1, uniq_gastronok
Temple:   corrupted_temple
Lair:1:   uniq_harold
Lair:3:   spider_nest_entry_web_field, grunt_megastairs_2
Lair:4:   minmay_shoals_entry_beasts

Skill      XL: |  1  2  3  4  5  6  7  8  9 10 11 12 |
---------------+-------------------------------------+-----
Fighting       | 4 5 7 8 9 11 | 11.5
Stealth        | 2 3 4 6 8 |  8.8
Axes           | 1 2 3 5 6 9 11 12 13 | 13.7
Dodging        | 3 4 5 6 7 8 |  8.3
Maces & Flails | |  3.8

Action                   |  1- 3 |  4- 6 |  7- 9 | 10-12 || total
-------------------------+-------+-------+-------+-------++-------
Melee: Mace              |    65 |       |       |       ||    65
       Hand axe          |    45 |    62 |   175 |   107 ||   389
       War axe           |       |       |       |   109 ||   109
Invok: Ancestor Life: Ba |     1 |       |       |       ||     1
       Ancestor Identity |     1 |       |       |       ||     1
       Transference      |       |       |     1 |     1 ||     2
       Recall Ancestor   |       |       |       |     1 ||     1
Evoke: Wand              |       |       |       |     5 ||     5
  Use: Scroll            |       |     1 |     3 |     8 ||    12
 Stab: Sleeping          |     4 |       |       |       ||     4
       Distracted        |       |       |     1 |     2 ||     3
  Eat: Chunk             |     2 |     4 |     8 |     6 ||    20
       Ration            |       |       |       |     3 ||     3
Armor: Robe              |    24 |     1 |       |       ||    25
       Chain mail        |       |    36 |    67 |    86 ||   189
Dodge: Dodged            |    76 |    19 |    42 |   103 ||   240
Block: Other             |       |       |     1 |    12 ||    13

Table legend:
 A = Spawn XP
 B = Non-spawn XP
 C = Spawn XP percentage of total XP
 D = Spawn monster count
 E = Non-spawn monster count
 F = Spawn count percentage of total count
 G = Total turns spent on level
                    A         B        C        D         E        F      G
               +---------+---------+-------+---------+---------+-------+---------
         Total |       0 |   21635 |   0.0 |       0 |     189 |   0.0 | 10609
               +---------+---------+-------+---------+---------+-------+---------
           D:1 |       0 |      39 |   0.0 |       0 |      21 |   0.0 |   760
           D:2 |       0 |      30 |   0.0 |       0 |      10 |   0.0 |   654
           D:3 |       0 |     276 |   0.0 |       0 |      29 |   0.0 |   726
           D:4 |       0 |    1052 |   0.0 |       0 |      20 |   0.0 |  1030
           D:5 |       0 |     434 |   0.0 |       0 |      14 |   0.0 |   656
           D:6 |       0 |    1288 |   0.0 |       0 |      17 |   0.0 |   642
           D:7 |       0 |     534 |   0.0 |       0 |      18 |   0.0 |  1083
           D:8 |       0 |    2565 |   0.0 |       0 |       3 |   0.0 |   347
        Lair:1 |       0 |     660 |   0.0 |       0 |       3 |   0.0 |    60
        Lair:2 |       0 |    8232 |   0.0 |       0 |      26 |   0.0 |  2570
        Lair:3 |       0 |    5850 |   0.0 |       0 |      25 |   0.0 |  1976
        Lair:4 |       0 |     675 |   0.0 |       0 |       3 |   0.0 |    60
               +---------+---------+-------+---------+---------+-------+---------
